 Dungeon Sprint DCSS version 0.20.1-1-g8b1a95d (webtiles) character file.

298 Groucho the Covered (level 6, 0/44 HPs)
             Began as a Gargoyle Fighter on Sept 30, 2017.
             Was a Priest of Cheibriados.
             Slain by a manticore (3 damage)
             ... in the Dungeon (Sprint IX: "|||||||||||||||||||||||||||||").
             The game lasted 00:02:03 (593 turns).

Groucho the Covered (Gargoyle Fighter)               Turns: 593, Time: 00:02:03

Health: 0/44       AC: 15    Str: 26    XL:     6   Next: 36%
Magic:  6/6        EV: 16    Int: 17    God:    Cheibriados [***...]
Gold:   0          SH:  0    Dex: 17    Spells: 5/5 levels left

rFire    . . .     SeeInvis .   o - +2 dire flail (crush)
rCold    . . .     Gourm    .   (shield currently unavailable)
rNeg     + . .     Faith    .   r - +2 ring mail
rPois    ∞         Spirit   .   p - +0 helmet
rElec    +         Reflect  .   (no cloak)
rCorr    .         Harm     .   (no gloves)
MR       .....     NoTele   +   q - +0 pair of boots
Stlth    +.........             (no amulet)
Regen    0.2/turn               s - +3 ring of intelligence
MPRegen  0.1/turn               t - +2 ring of evasion

@: very slightly contaminated, very slow
A: negative energy resistance 1, electricity resistance, unbreathing,
petrification resistance, rot immunity, AC +4
a: Bend Time, Temporal Distortion, Renounce Religion


You were in the Dungeon.
You worshipped Cheibriados.
Cheibriados was most pleased with you.
You were not hungry.

You visited 1 branch

Inventory:

Hand Weapons
 a - a +0 flail
 o - a +2 dire flail of crushing (weapon)
Armour
 c - a +0 shield
 p - a +0 helmet (worn)
 q - a +0 pair of boots (worn)
 r - a +2 ring mail (worn)
Jewellery
 s - a +3 ring of intelligence (left hand)
 t - a +2 ring of evasion (right hand)
Wands
 n - a wand of lightning (7/15)
Scrolls
 k - 2 scrolls of blinking
 l - 3 scrolls of remove curse
 m - 2 scrolls of amnesia
Potions
 d - a potion of might
 e - 5 potions of curing
 h - a potion of haste
 i - 4 potions of magic
 j - 2 potions of heal wounds
Comestibles
 f - a bread ration


   Skills:
 + Level 7.4 Fighting
 + Level 6.4 Maces & Flails
 + Level 7.5 Armour
 + Level 5.0 Dodging
 - Level 5.2 Shields


You had 5 spell levels left.
You didn't know any spells.

Dungeon Overview and Level Annotations

Branches:
Dungeon (1/1)

Altars:
Cheibriados
Dithmenos
Elyvilon
Fedhas
Gozag
Hepliaklqana
Kikubaaqudgha
Makhleb
Nemelex Xobeh
Okawaru
Qazlal
Ru
Sif Muna
Trog
Uskayaw
Vehumet
Xom
Yredelemnul
Zin
The Shining One
Beogh
Jiyva
Lugonu


Innate Abilities, Weirdness & Mutations

You are resistant to torment.
Your stone body is resilient. (AC +4)
You are immune to poison.
You resist negative energy. (rN+)
You are resistant to electric shocks. (rElec)
You can survive without breathing.
You are immune to petrification.
You are immune to rotting.


Message History

The manticore closely misses you. The manticore claws you.
The iguana hisses angrily.
You puncture the manticore!
The manticore is heavily wounded.
The worker ant twitches its antennae in your direction.
The centaur warrior shoots an arrow.
The arrow hits the troll!!
The manticore barely misses you. The manticore misses you.
The manticore completely misses you.
The centaur warrior shoots an arrow.
The arrow hits the troll!!
The troll dies!
You barely miss the manticore.
The manticore is heavily wounded.
You flicker back into view.
The manticore bites you!
* * * LOW HITPOINT WARNING * * *
The manticore barely misses you. x2
You barely miss the manticore.
The manticore is heavily wounded.
The manticore barely misses you. The manticore claws you.
You die... ▓▓▓▓▓▓▓▓▓▓▓▓▓▓▓▓▓▓▓▓▓▓▓▓ ..|)(...((.)((.)@Hcc.la+ ▓▓▓▓▓▓▓▓▓▓▓▓▓▓▓▓▓▓▓▓▓▓▓▓

You could see 2 centaur warriors, a manticore, an iguana and a worker ant.

Vanquished Creatures
  A sky beast (D)
  2 centaurs (D)
  A quasit (D)
  2 jellies (D)
  A worker ant (D)
  An adder zombie (D)
  A bat (D)
  2 giant cockroaches (D)
  A goblin (D)
  A hobgoblin (D)
  2 kobolds (D)
  A giant cockroach zombie (D)
16 creatures vanquished.

Vanquished Creatures (others)
  A troll (D)
1 creature vanquished.

Grand Total: 17 creatures vanquished

Notes
Turn   | Place    | Note
-------+----------+-------------------------------------------
     0 | D        | Groucho the Gargoyle Fighter began the quest for the Orb.
     0 | D        | Reached XP level 1. HP: 14/14 MP: 1/1
    17 | D        | Reached skill level 1 in Dodging
   224 | D        | Noticed a jelly
   224 | D        | Noticed a quasit
   230 | D        | Reached XP level 2. HP: 20/20 MP: 2/2
   240 | D        | Reached XP level 3. HP: 24/24 MP: 3/3
   252 | D        | Reached skill level 5 in Fighting
   252 | D        | Reached skill level 5 in Armour
   252 | D        | Reached skill level 5 in Shields
   252 | D        | Reached XP level 4. HP: 31/31 MP: 4/4
   480 | D        | Found a roughly hewn altar of Beogh.
   480 | D        | Found a snail-covered altar of Cheibriados.
   480 | D        | Found a shadowy altar of Dithmenos.
   480 | D        | Found a white marble altar of Elyvilon.
   480 | D        | Found a blossoming altar of Fedhas.
   480 | D        | Found an opulent altar of Gozag.
   481 | D        | Found a hazy altar of Hepliaklqana.
   482 | D        | Found a viscous altar of Jiyva.
   483 | D        | Found an ancient bone altar of Kikubaaqudgha.
   484 | D        | Became a worshipper of Cheibriados the Contemplative
   485 | D        | Found a corrupted altar of Lugonu.
   486 | D        | Found a burning altar of Makhleb.
   487 | D        | Found a sparkling altar of Nemelex Xobeh.
   488 | D        | Found an iron altar of Okawaru.
   489 | D        | Found a stormy altar of Qazlal.
   490 | D        | Found a sacrificial altar of Ru.
   491 | D        | Found a deep blue altar of Sif Muna.
   492 | D        | Found a bloodstained altar of Trog.
   493 | D        | Found a hide-covered altar of Uskayaw.
   494 | D        | Found a radiant altar of Vehumet.
   496 | D        | Found a shimmering altar of Xom.
   497 | D        | Found a basalt altar of Yredelemnul.
   498 | D        | Found a glowing silver altar of Zin.
   499 | D        | Found a glowing golden altar of the Shining One.
   565 | D        | Noticed a sky beast
   565 | D        | Noticed a centaur
   565 | D        | Noticed a centaur
   571 | D        | Killed a sky beast
   571 | D        | Reached XP level 5. HP: 28/36 MP: 5/5
   576 | D        | Killed a centaur
   576 | D        | Reached * piety under Cheibriados
   576 | D        | Reached skill level 5 in Maces & Flails
   577 | D        | Reached ** piety under Cheibriados
   582 | D        | Reached XP level 6. HP: 33/42 MP: 6/6
   586 | D        | Reached *** piety under Cheibriados
   586 | D        | Reached skill level 5 in Dodging
   588 | D        | Noticed a manticore
   588 | D        | Noticed a troll
   588 | D        | Noticed a centaur warrior
   588 | D        | Noticed a centaur warrior
   591 | D        | Killed a troll
   593 | D        | Slain by a manticore

Skill      XL: |  1  2  3  4  5  6 |
---------------+-------------------+-----
Dodging        | 1 2 3 4 5 |  5.0
Shields        | 4 5 |  5.2
Fighting       | 4 5 6 7 |  7.4
Maces & Flails | 3 4 5 6 |  6.4
Armour         | 4 5 6 7 |  7.5

Action                   |  1- 3 |  4- 6 || total
-------------------------+-------+-------++-------
Melee: Flail             |    39 |       ||    39
       Dire flail        |       |    19 ||    19
  Use: Potion            |     2 |     1 ||     3
 Stab: Invisible         |       |     3 ||     3
Armor: Scale mail        |    22 |       ||    22
       Ring mail         |       |     5 ||     5
Dodge: Dodged            |    14 |    28 ||    42
Block: Shield            |    29 |       ||    29
